 Dungeon Crawl Stone Soup version 0.29-a0-483-g69413ace17 (webtiles) character file.

Game seed: 17233895533408995925

62 porpoise the Shooter (level 4, 0/34 HPs)
             Began as a Barachi Arcane Marksman on May 26, 2022.
             Slain by Grinder (6 damage)
             ... on level 3 of the Dungeon.
             The game lasted 00:04:13 (1741 turns).

porpoise the Shooter (Barachi Arcane Marksman)      Turns: 1741, Time: 00:04:13

Health: 0/34       AC: 10    Str: 11    XL:     4   Next: 8%
Magic:  5/5        EV: 10    Int: 14    God:
Gold:   109        SH:  0    Dex: 14    Spells: 4/5 levels left

rFire   . . .      SeeInvis .   a - +0 shortbow
rCold   . . .      Faith    .   (shield currently unavailable)
rNeg    . . .      Spirit   .   m - +0 ring mail
rPois   .          Reflect  .   (no helmet)
rElec   .          Harm     .   i - +0 cloak
rCorr   .          Rampage  .   (no gloves)
Will    .....                   (no boots)
Stlth   +.........              (no amulet)
HPRegen 0.11/turn               n - +4 ring of protection
MPRegen 0.09/turn               (no ring)

@: slow
A: amphibious, slowness 1, strong legs 1, +LOS
a: Hop


You were on level 3 of the Dungeon.
You visited 1 branch of the dungeon, and saw 3 of its levels.

You collected 109 gold pieces.

Inventory:

Hand Weapons
 a - a +0 shortbow (weapon)
Missiles
 g - 3 curare-tipped darts
 h - 6 poisoned darts
Armour
 i - a +0 cloak (worn)
 m - a +0 ring mail (worn)
Jewellery
 n - a +4 ring of protection (left hand)
 t - an amulet of faith
Wands
 q - a wand of flame (27)
 v - a wand of iceblast (10)
Scrolls
 c - a scroll of vulnerability
 d - a scroll of silence {unknown}
 l - a scroll of torment
 p - a scroll of blinking {unknown}
 s - a scroll of noise {unknown}
 u - a scroll of enchant armour {unknown}
 w - a scroll of identify {unknown}
 x - a scroll of teleportation {unknown}
Potions
 b - 3 potions of flight {unknown}
 e - a potion of curing {unknown}
 f - a potion of resistance {unknown}
 j - a potion of heal wounds {unknown}
 k - a potion of attraction {unknown}
 o - a potion of ambrosia {unknown}
 r - a potion of might {unknown}


   Skills:
 + Level 2.7 Fighting
 * Level 3.6 Bows
 - Level 2.1 Dodging
 - Level 1.1 Spellcasting
 - Level 3.2 Hexes


You had 4 spell levels left.
You knew the following spells:

 Your Spells              Type           Power      Damage    Failure   Level
a - Slow                  Hex            36%        N/A       17%         1

Your spell library contained the following spells:

 Spells                   Type           Power      Damage    Failure   Level
 Inner Flame              Hex/Fire       5%         N/A       67%         3
 Portal Projectile        Hex/Tloc       10%        N/A       67%         3
 Cause Fear               Hex            4%         N/A       86%         4
 Gell's Gravitas          Tloc           0%         N/A       88%         3
 Lesser Beckoning         Tloc           0%         N/A       88%         3
 Teleport Other           Tloc           0%         N/A       88%         3


Dungeon Overview and Level Annotations

Branches:
Dungeon (3/15)

Altars:

Annotations:
D:3 Grinder


Innate Abilities, Weirdness & Mutations

You are amphibious.
You cover ground slowly.
You can hop short distances.
You have an extended range of vision and can be seen from far away.


Message History

You shoot an arrow. The arrow hits the hobgoblin!
You kill the hobgoblin!
The giant cockroach bites you but does no damage.
Grinder comes into view.
You shoot an arrow.
The arrow closely misses the giant cockroach.
The arrow barely misses the goblin.
Grinder shouts!
The giant cockroach bites you but does no damage.
Grinder drinks a potion.
Grinder flickers and vanishes!
Deactivating autopickup; reactivate with Ctrl-A.
The giant cockroach bites you but does no damage.
You shoot an arrow. The arrow hits the giant cockroach.
You kill the giant cockroach!
The goblin hits you but does no damage.
You shoot an arrow. The arrow hits the goblin!
You kill the goblin!
No target in view!
Aiming: Iceblast
Press: ? - help, Shift-Dir - straight line The mass of ice explodes!
The iceblast engulfs something.
Something tries to affect you, but you resist.
Unknown command.
Aiming: Iceblast
Press: ? - help, Shift-Dir - straight line The mass of ice explodes!
The iceblast engulfs something!
Unknown command.
Aiming: Iceblast
Press: ? - help, Shift-Dir - straight line The mass of ice explodes!
The iceblast engulfs something.
The iceblast engulfs you!
You hear a shout!
Something hits you.
You writhe in agony.
* * * LOW HITPOINT WARNING * * *
You are now empty-handed.
a - a +0 shortbow (weapon)
Something hits you.
* * * LOW HITPOINT WARNING * * *
You writhe in agony.
You die...

#. . #. . # #..##. .###
..#.. .. .# #.#.##. #.#
..... #.# ... #.#
#)#####.#
##?#####@##....#
...............# #
#..#######.....########
# #.....##.....# #
##....##.....###
##.#...<.......
#.####.....#.# #.#
#.....#..
####.######.#####


There were no monsters in sight!

Vanquished Creatures
  An adder (D:2)
  3 endoplasms (D:1)
  3 giant cockroaches
  11 goblins
  6 hobgoblins
  6 jackals
  2 quokkas (D:2)
  4 ball pythons
  3 bats (D:1)
  2 kobolds
  3 rats
44 creatures vanquished.

Notes
Turn   | Place    | Note
-------+----------+-------------------------------------------
     0 | D:1      | porpoise the Barachi Arcane Marksman began the quest for
                  | the Orb.
     0 | D:1      | Reached XP level 1. HP: 15/15 MP: 2/2
   127 | D:1      | Reached XP level 2. HP: 20/22 MP: 3/3
   844 | D:2      | Reached XP level 3. HP: 27/27 MP: 4/4
  1260 | D:2      | Found a faded altar of an unknown god.
  1729 | D:3      | Reached XP level 4. HP: 34/34 MP: 5/5
  1733 | D:3      | Noticed Grinder
  1741 | D:3      | Slain by Grinder

Illustrated notes

Levels and vault maps discovered:
D:1:      minmay_arrival_up_and_down, layout_basic
D:2:      layout_rooms, hellmonk_ecumenical_altar_prayer_group,
          minmay_misc_feat_plants
D:3:      layout_loops_cross, serial_rivers, chequers_serial_rivers_room_b,
          chequers_serial_rivers_large_b, chequers_serial_rivers_marsh,
          chequers_serial_rivers_micro_b, serial_shops, shop, uniq_grinder

Skill      XL: |  1  2 |
---------------+-------+-----
Fighting       | 2 |  2.7
Bows           | 3 |  3.6
Dodging        | |  2.1
Spellcasting   | |  1.1
Hexes          | |  3.2

Action                   |  1- 3 |  4- 6 || total
-------------------------+-------+-------++-------
 Fire: Shortbow          |   124 |     6 ||   130
 Cast: Slow              |     2 |       ||     2
 Abil: Hop               |     1 |       ||     1
Evoke: Wand              |       |     3 ||     3
  Use: Scroll            |     1 |       ||     1
Armor: Robe              |     9 |       ||     9
       Ring mail         |    28 |     5 ||    33
Dodge: Dodged            |    68 |     1 ||    69

Table legend: (Time is in decaauts)
 A = Elapsed time spent in this place.
 B = Non-inter-level travel time spent in this place.
 C = Inter-level travel time spent in this place.
 D = Time resting spent in this place.
 E = Time spent auto-exploring this place.
 F = Levels seen in this place.
 G = Mean time per level.
                   A        B        C        D        E       F      G
               +--------+--------+--------+--------+--------+-----+--------+
         Total |   2015 |   1914 |    101 |    410 |   1174 |   3 |  671.7 |
       Dungeon |   2015 |   1914 |    101 |    410 |   1174 |   3 |  671.7 |
               +--------+--------+--------+--------+--------+-----+--------+

Top non-repeatable levels by time:
     D:1: 1038 daAuts
     D:2: 683 daAuts
     D:3: 293 daAuts
